 Dungeon Crawl Stone Soup version 0.24.0-7-gb3623d2c88 (webtiles) character file.

Game seed: 14967347186516022677, levelgen mode: deterministic

882873 Kairok the Ninja (level 27, -8/166 HPs)
             Began as a Vine Stalker Assassin on Oct 31, 2019.
             Was a Follower of Uskayaw.
             Mangled by an ancient lich (11 damage)
             ... summoned by a glowing orange brain
             ... while paralysed by an ancient lich
             ... on level 3 of the Abyss on Nov 2, 2019.
             The game lasted 04:10:14 (69317 turns).

Kairok the Ninja (Vine Stalker Assassin)           Turns: 69317, Time: 04:10:15

Health: -8/166     AC: 25    Str: 22    XL:     27
Magic:  0/46       EV:  2    Int: 13    God:    Uskayaw [*.....]
Gold:   6476       SH:  0    Dex: 30    Spells: 57/62 levels left

rFire    + . .     SeeInvis +   Q - +8 quick blade (holy)
rCold    + + .     Gourm    .   P - +3 large shield {AC+3}
rNeg     + + .     Faith    +   V - +0 scale mail "Mowat" {rC+ Str+3 Int+2 Slay+3}
rPois    +         Spirit   +   y - +2 hat {SInv}
rElec    +         Reflect  .   e - scarf {rC+ rF+}
rCorr    .         Harm     .   A - +2 pair of gloves {Str+3}
MR       +++..     Rnd*Rage +   r - +2 pair of boots {run}
Stlth    +++++++++.             L - amulet of faith
HPRegen  1.17/turn              v - ring of Ethics {rPois rN+}
MPRegen  0.30/turn              u - ring of the Present {rElec rN+ Dex+3}

@: paralysed, berserk cooldown, slowed, quick
A: fangs 3, thin metallic scales 2, berserk 1, deterioration 1, regeneration 2,
robust 1, magic shield, antimagic bite, no potion heal 3, rot immunity
}: 8/15 runes: decaying, serpentine, silver, iron, obsidian, icy, bone, abyssal
a: Stomp, Renounce Religion


You were on level 3 of the Abyss.
You worshipped Uskayaw.
Uskayaw was most pleased with you.
You were hungry.

You visited 16 branches of the dungeon, and saw 77 of its levels.
You visited the Abyss 1 time.
You also visited: Ice Cave and Volcano.

You collected 10389 gold pieces.
You spent 3913 gold pieces at shops.

Inventory:

Hand Weapons
 a - a +7 quick blade of protection
 C - a +0 quick blade of protection
 Q - a +8 quick blade of holy wrath (weapon)
Missiles
 h - 8 curare-tipped darts
 H - 7 silver javelins
 O - 23 atropa-tipped darts (quivered)
 T - 4 datura-tipped darts
Armour
 c - +0 ice dragon scales
 e - a scarf of resistance (worn)
 r - a +2 pair of boots of running (worn)
 y - a +2 hat of see invisible (worn)
 z - +0 fire dragon scales
 A - a +2 pair of gloves of strength (worn)
 B - the +1 plate armour of Trial and Error {rN+ rCorr Dex+4}
   (You found it on level 7 of Tartarus)

   It affects your dexterity (+4).
   It protects you from negative energy.
   It provides partial protection from all sources of acid and corrosion.
 P - a +3 large shield of protection (worn)
 S - the +1 cloak of Starlight {rElec rC+ EV+4 Stlth--}
   (You found it on level 7 of Tartarus)

   It affects your evasion (+4).
   It protects you from cold.
   It insulates you from electricity.
   It makes you much less stealthy.
 V - the +0 scale mail "Mowat" (worn) {rC+ Str+3 Int+2 Slay+3}
   (Okawaru gifted it to you on level 5 of the Lair of Beasts)

   It affects your strength (+3).
   It affects your intelligence (+2).
   It affects your accuracy and damage with ranged weapons and melee attacks
   (+3).
   It protects you from cold.
Jewellery
 d - an uncursed ring of resist corrosion
 i - the ring of Xom's Bemusement {Str+8 Int+4 Dex+2 Slay-2}
   (You found it on level 4 of the Swamp)

   [ring of intelligence]

   It affects your strength (+8).
   It affects your intelligence (+4).
   It affects your dexterity (+2).
   It affects your accuracy and damage with ranged weapons and melee attacks
   (-2).
 n - an uncursed ring of protection from fire
 u - the ring of the Present (right hand) {rElec rN+ Dex+3}
   (You found it on level 3 of the Crypt)

   [ring of positive energy]

   It affects your dexterity (+3).
   It insulates you from electricity.
   It protects you from negative energy.
 v - the ring of Ethics (left hand) {rPois rN+}
   (You found it on level 3 of the Crypt)

   [ring of positive energy]

   It protects you from poison.
   It protects you from negative energy.
 L - an amulet of faith (around neck)
 Z - an uncursed ring of protection from cold
Wands
 b - a wand of acid (29)
 E - a wand of digging (6)
 Y - a wand of paralysis (24)
Scrolls
 j - 7 scrolls of magic mapping
 k - 2 scrolls of holy word
 m - 25 scrolls of remove curse
 p - 23 scrolls of teleportation
 x - 9 scrolls of blinking
 F - 5 scrolls of silence
 G - a scroll of acquirement
 J - 4 scrolls of identify
 K - 4 scrolls of fear
 M - 9 scrolls of immolation
 R - 4 scrolls of fog
Potions
 g - 8 potions of agility
 l - 11 potions of lignification
 o - 5 potions of cancellation
 q - 16 potions of curing
 s - 7 potions of mutation
 t - 8 potions of magic
 w - 11 potions of flight
 D - 5 potions of berserk rage
 I - 10 potions of might
 N - 5 potions of resistance
 U - 6 potions of brilliance
 W - 13 potions of haste
Miscellaneous
 X - a phantom mirror
Comestibles
 f - 81 rations


   Skills:
 + Level 17.8 Fighting
 - Level 14.0 Short Blades
 + Level 4.4 Throwing
 + Level 14.1 Armour
 + Level 13.1 Dodging
 O Level 27 Stealth
 + Level 24.2 Shields
 + Level 18.0 Spellcasting
 - Level 9.3 Charms
 - Level 8.9 Necromancy
 * Level 19.8 Invocations
 + Level 4.1 Evocations


You had 57 spell levels left.
You knew the following spells:

 Your Spells              Type           Power        Failure   Level  Hunger
a - Blink                 Tloc           N/A          16%         2    None
b - Regeneration          Chrm/Necr      #####.....   1%          3    None

Your spell library contained the following spells:

 Spells                   Type           Power        Failure   Level  Hunger
 Corpse Rot               Necr           N/A          1%          2    None
 Sublimation of Blood     Necr           #####.....   1%          2    None
 Shroud of Golubria       Chrm/Tloc      ###...       2%          2    None
 Swiftness                Chrm/Air       ###.....     2%          2    None
 Ozocubu's Armour         Chrm/Ice       ###.....     4%          3    None
 Spectral Weapon          Hex/Chrm       ###.....     4%          3    None
 Excruciating Wounds      Chrm/Necr      #####.....   7%          5    ####...
 Agony                    Necr           #####...     8%          5    ####...
 Dispel Undead            Necr           #####...     8%          5    ####...
 Beastly Appendage        Tmut           ##....       11%         1    None
 Confusing Touch          Hex            ##....       11%         1    None
 Corona                   Hex            ##.....      11%         1    None
 Flame Tongue             Conj/Fire      ##...        11%         1    None
 Freeze                   Ice            ##..         11%         1    None
 Magic Dart               Conj           ##..         11%         1    None
 Shock                    Conj/Air       ##..         11%         1    None
 Sting                    Conj/Pois      ##..         11%         1    None
 Summon Butterflies       Summ           ##......     11%         1    None
 Summon Small Mammal      Summ           ##..         11%         1    None
 Call Imp                 Summ           ##......     16%         2    None
 Passwall                 Tmut/Erth      ##......     16%         2    None
 Poisonous Vapours        Pois/Air       ##....       16%         2    None
 Searing Ray              Conj           ##....       16%         2    None
 Slow                     Hex            ##......     16%         2    None
 Sticks to Snakes         Tmut           ##......     16%         2    None
 Throw Flame              Conj/Fire      ##....       16%         2    None
 Throw Frost              Conj/Ice       ##....       16%         2    None
 Call Canine Familiar     Summ           ##......     32%         3    None
 Confuse                  Hex            ##......     32%         3    None
 Conjure Flame            Conj/Fire      ##......     32%         3    None
 Dazzling Spray           Conj/Hex       ##....       32%         3    None
 Gell's Gravitas          Tloc           ##........   32%         3    None
 Inner Flame              Hex/Fire       ##......     32%         3    None
 Lesser Beckoning         Tloc           ##........   32%         3    None
 Mephitic Cloud           Conj/Pois/Air  ##......     32%         3    None
 Portal Projectile        Hex/Tloc       ##....       32%         3    None
 Spider Form              Tmut/Pois      ##........   32%         3    None
 Static Discharge         Conj/Air       ##......     32%         3    None
 Stone Arrow              Conj/Erth      ##....       32%         3    None
 Summon Guardian Golem    Hex/Summ       ##......     32%         3    None
 Teleport Other           Tloc           ##......     32%         3    None
 Bolt of Draining         Conj/Necr      ###.......   43%         5    ####...
 Borgnjor's Vile Clutch   Necr/Erth      ###.......   43%         5    ####...
 Airstrike                Air            ##........   71%         4    #......
 Cause Fear               Hex            ##........   71%         4    #......
 Force Lance              Conj/Tloc      ##......     71%         4    #......
 Fulminant Prism          Conj/Hex       ##........   71%         4    #......
 Ice Form                 Ice/Tmut       ##......     71%         4    #......
 Iskenderun's Mystic Bla  Conj           ##......     71%         4    #......
 Leda's Liquefaction      Hex/Erth       ##........   71%         4    #......
 Olgreb's Toxic Radiance  Pois           ##......     71%         4    #......
 Petrify                  Tmut/Erth      ##......     71%         4    #......
 Sticky Flame             Conj/Fire      ##......     71%         4    #......
 Summon Ice Beast         Ice/Summ       ##......     71%         4    #......
 Summon Lightning Spire   Summ/Air       ##......     71%         4    #......
 Throw Icicle             Conj/Ice       ##......     71%         4    #......
 Deflect Missiles         Chrm/Air       ###.......   94%         6    ######.
 Blade Hands              Tmut           ##........   96%         5    ####...
 Fireball                 Conj/Fire      ##........   96%         5    ####...
 Lightning Bolt           Conj/Air       ##........   96%         5    ####...
 Metabolic Englaciation   Hex/Ice        ##........   96%         5    ####...
 Silence                  Hex/Air        ##........   96%         5    ####...
 Summon Forest            Summ/Tloc      ##........   96%         5    ####...
 Summon Mana Viper        Hex/Summ       ##......     96%         5    ####...
 Venom Bolt               Conj/Pois      ##........   96%         5    ####...
 Yara's Violent Unravell  Hex/Tmut       ##........   96%         5    ####...
 Bolt of Fire             Conj/Fire      ##........   100%        6    ######.
 Conjure Ball Lightning   Conj/Air       ##........   100%        6    ######.
 Freezing Cloud           Conj/Ice/Air   ##........   100%        6    ######.
 Hydra Form               Tmut           ##........   100%        6    ######.
 Iron Shot                Conj/Erth      ##........   100%        6    ######.
 Poison Arrow             Conj/Pois      ##........   100%        6    ######.
 Dragon Form              Tmut           ##........   100%        7    #######
 Haunt                    Necr/Summ      ###.......   100%        7    #######
 Ring of Flames           Chrm/Fire      ###.......   100%        7    #######
 Summon Hydra             Summ           ##........   100%        7    #######
 Borgnjor's Revivificati  Necr           #####.....   100%        8    #######
 Chain Lightning          Conj/Air       ##........   100%        8    #######
 Death's Door             Chrm/Necr      #####.....   100%        8    #######
 Discord                  Hex            ##........   100%        8    #######
 Disjunction              Tloc           ##........   100%        8    #######
 Ignition                 Fire           ##........   100%        8    #######
 Infestation              Necr           #####.....   100%        8    #######
 Lehudib's Crystal Spear  Conj/Erth      ##........   100%        8    #######
 Necromutation            Tmut/Necr      ###.......   100%        8    #######
 Dragon's Call            Summ           ##........   100%        9    #######
 Fire Storm               Conj/Fire      ##........   100%        9    #######
 Glaciate                 Conj/Ice       ##........   100%        9    #######


Dungeon Overview and Level Annotations

Branches:
Dungeon (15/15)            Temple (1/1) D:4            Lair (6/6) D:8
  Swamp (4/4) Lair:4        Snake (4/4) Lair:2        Slime (1/5) Lair:5
    Orc (2/2) D:11            Elf (3/3) Orc:2        Vaults (5/5) D:13
  Crypt (3/3) Vaults:2       Tomb (0/3) Crypt:3      Depths (5/5) D:15
   Hell (visited)             Dis (7/7) Hell            Geh (7/7) Hell
    Coc (7/7) Hell            Tar (7/7) Hell            Zot (0/5) Depths:5
  IceCv (visited)         Volcano (visited)

Altars:
Ashenzari
Cheibriados
Dithmenos
Elyvilon
Fedhas
Gozag
Hepliaklqana
Kikubaaqudgha
Makhleb
Nemelex Xobeh
Okawaru
Qazlal
Ru
Sif Muna
Trog
Uskayaw
Vehumet
Wu Jian
Xom
Yredelemnul
Zin
The Shining One
Jiyva

Shops:
D:4 [   D:7 :   D:13 }   Orc:1 !   Orc:2 =}((   Elf:1 (   Snake:3 }=}
Crypt:3 *   Depths:1 !   Depths:2 }

Portals:
Hell: Depths:1 Depths:2 Depths:4 Depths:5
Abyss: Depths:4
Pandemonium: Depths:1 Depths:2
Ziggurat: Depths:5

Annotations:
Depths:3 the Enchantress


Innate Abilities, Weirdness & Mutations

You have razor-sharp teeth.
You heal very quickly.
When hurt, damage is shared between your health and your magic reserves.
Your bite disrupts and absorbs the magic of your enemies.
Potions cannot restore your health.
You are immune to rotting.
You are mostly covered in thin metallic scales. (AC +3)
You tend to lose your temper in combat.
Your body sometimes deteriorates upon taking damage.
You are robust. (+10% HP)


Message History

* * * LOW HITPOINT WARNING * * *
You hold your ground!
The thrashing horror tramples you.
* * * LOW HITPOINT WARNING * * *
You hold your ground!
The thrashing horror barely misses you. x2
The thrashing horror tramples you but does no damage.
The thrashing horror tramples you!
* * * LOW HITPOINT WARNING * * *
You hold your ground!
The thrashing horror tramples you but does no damage.
The ancient lich launches a ball of destructive magic.
The wavering orb of destruction weakly hits you!!
* * * LOW HITPOINT WARNING * * *
The thrashing horror tramples you.
* * * LOW HITPOINT WARNING * * *
You hold your ground!
The thrashing horror tramples you.
* * * LOW HITPOINT WARNING * * *
You hold your ground!
The thrashing horror tramples you but does no damage. x4
The ancient lich touches you!
You die...

# .... . ## . .
#.........# . . .
# ..... ## .# # #
##........# .. # .
. . .##.#'''#.# .
# ..#.###?([### .
..# .
#..##$/).[##..#...
.
.#..#[([XX/(#....
....#[[?@(((#..##
# .
#..#[XXLG)[#..# ..
#. #..##(.?/(##..#
.
....q##?((##..##.
# # #...#####†....
† .... ...x...∩##
...##...... ##.#
..# #.#..## ## #
## . .


You could see an ancient lich, a purple draconian scorcher, a glowing orange
brain, an ancient zyme, 3 thrashing horrors and a large abomination.

Vanquished Creatures
  Antaeus (Coc:7)
  Asmodeus (Geh:7)
  Ereshkigal (Tar:7)
  the Serpent of Hell (Dis:7)
  Dispater (Dis:7)
  4 ancient liches
  A juggernaut (Depths:5)
  Sojobo (Depths:4)
  Frederick (Vaults:1)
  4 shard shrikes
  Vashnia (Snake:4)
  Geryon (Hell)
  6 golden dragons
  10 bone dragons
  An iron giant (Dis:4)
  11 Tzitzimimeh
  7 doom hounds
  16 Brimstone Fiends
  12 liches
  15 Ice Fiends
  Rupert (Snake:1)
  5 tentacled monstrosities
  9 Hell Sentinels
  2 quicksilver dragons
  10 deep elf blademasters
  A quicksilver dragon (shapeshifter) (Vaults:5)
  5 deep elf master archers
  13 titans
  3 sphinxes
  3 thorn hunters
  Frances (Swamp:1)
  14 shadow dragons
  9 ancient champions
  Agnes (Vaults:1)
  12 tengu reavers
  5 storm dragons
  An azure jelly (Swamp:4)
  Kirke (D:12)
  The ghost of Kipt the Spry, an adept SpFE of Dithmenos (Vaults:1)
  10 nagarajas
  2 revenants
  20 frost giants
  4 iron dragons
  19 fire giants
  11 ghouls
  10 deep elf sorcerers
  A cacodemon (Dis:7)
  22 vault wardens
  15 balrugs
  A draconian scorcher (Depths:5)
  A draconian annihilator (Depths:5)
  Aizul (Snake:1)
  8 deep elf elementalists
  3 curse skulls
  A juggernaut skeleton (Crypt:1)
  16 ironheart preservers
  33 reapers
  2 war gargoyles (Vaults:5)
  22 very ugly things
  A caustic shrike skeleton (Crypt:3)
  19 stone giants
  2 elemental wellsprings
  10 deep elf demonologists
  6 vampire knights
  5 green draconians
  4 black draconians
  2 purple draconians (Depths:5)
  4 spark wasps (Depths:2)
  3 red draconians
  10 large abominations
  A deep elf annihilator (Elf:3)
  2 white draconians
  17 ettins
  A merfolk javelineer (Depths:2)
  2 crystal guardians (Abyss:3)
  4 eidola
  15 blizzard demons
  An ettin (shapeshifter) (Abyss:3)
  2 quicksilver dragon zombies
  A merfolk impaler (Depths:2)
  12 fire dragons
  12 deep elf death magi
  10 jiangshi
  6 deep elf high priests
  24 ice dragons
  7 great orbs of eyes
  20 yaktaur captains
  2 quicksilver dragon skeletons
  2 hell beasts
  24 ogre magi
  2 kraken zombies (Hell)
  2 great orbs of eyes (shapeshifter)
  Fannar (Lair:1)
  18 naga warriors
  3 rakshasas
  17 hydras
  2 ghost crabs
  5 spriggan air magi
  59 two-headed ogres
  13 centaur warriors
  4 catoblepae
  35 vault guards
  12 anacondas
  8 alligators
  6 death knights
  24 dancing weapons
  37 hell hogs
  17 tengu warriors
  10 deep troll shamans
  6 death yaks
  9 spriggan berserkers
  6 vampire magi
  3 deep troll earth magi
  3 titan zombies
  15 naga sharpshooters
  4 thrashing horrors
  6 shock serpents
  4 storm dragon zombies
  An iron golem (Geh:2)
  15 shadow wraiths
  23 sun demons
  20 soul eaters
  30 deep elf knights
  11 iron trolls
  11 titan skeletons
  47 hell knights
  Nergalle (D:11)
  9 small abominations
  3 golden dragon zombies
  90 skeletal warriors
  3 ghost moth zombies
  8 sea snakes (Snake:4)
  3 salamander mystics
  12 unseen horrors
  7 anaconda zombies
  12 shadow demons (Tar:7)
  17 flayed ghosts
  27 deep trolls
  3 spriggan druids (Swamp:4)
  5 glowing orange brains
  5 storm dragon skeletons
  2 tengu zombies (Hell)
  7 swamp dragons
  2 sphinx zombies (Hell)
  3 golden dragon skeletons
  13 anaconda skeletons
  3 shadow dragon zombies
  20 necromancers
  2 harpies (shapeshifter)
  15 ironbrand convokers
  3 naga ritualists
  19 phantasmal warriors
  7 wizards
  5 harpies (Vaults:4)
  15 deep elf archers
  2 oklob plants
  3 shadow dragon skeletons
  5 wolf spider zombies
  13 orc knights
  5 frost giant zombies
  4 orc sorcerers
  4 stone giant zombies
  8 wolf spiders
  2 tengu skeletons (Vaults:2)
  45 ugly things
  29 slime creatures
  27 cyclopes
  61 deep elf magi
  2 fire giant zombies
  6 manticores
  5 human zombies
  14 mana vipers
  6 frost giant skeletons
  6 dire elephant zombies
  14 salamanders
  A worldbinder (Abyss:3)
  3 human skeletons
  13 molten gargoyles
  20 rust devils
  11 vault sentinels
  31 black mambas
  5 fire giant skeletons
  14 elephants
  Maurice (D:10)
  4 ice statues
  8 guardian serpents
  3 titan simulacra (Coc:7)
  Psyche (D:9)
  18 spiny frogs
  A guardian serpent (shapeshifter) (Abyss:3)
  5 smoke demons
  10 stone giant skeletons
  11 naga magi
  18 hellions
  A shock serpent skeleton (Tar:7)
  2 dire elephant skeletons
  7 centaur skeletons
  3 gargoyles
  10 komodo dragons
  10 storm dragon simulacra
  2 rime drakes (shapeshifter)
  2 rime drakes
  A kobold demonologist (D:15)
  A yaktaur (shapeshifter) (Abyss:3)
  3 emperor scorpion zombies
  2 demonic crawlers
  A pale draconian zombie (Crypt:2)
  A white draconian skeleton (Crypt:3)
  64 yaktaurs
  2 catoblepas zombies (Geh:7)
  7 efreet
  A redback zombie (D:15)
  3 guardian mummies (Crypt:3)
  9 anaconda simulacra
  14 tormentors
  24 ice devils
  A pale draconian skeleton (Crypt:1)
  21 red devils
  3 meliai (Lair:4)
  2 silent spectres (Tar:1)
  19 trolls
  27 freezing wraiths
  3 ancient zymes (Abyss:3)
  A jumping spider (shapeshifter) (D:13)
  A queen bee (Lair:4)
  A catoblepas skeleton (Geh:5)
  3 tengu conjurers
  A queen ant zombie (Crypt:3)
  6 yaktaur skeletons
  9 hydra zombies
  2 tengu simulacra (Vaults:3)
  3 trolls (shapeshifter)
  A polar bear (shapeshifter) (Vaults:3)
  A hydra skeleton (Coc:7)
  2 shadow dragon simulacra
  12 tyrant leeches
  10 hornets
  A polar bear (Lair:5)
  4 harpy skeletons
  17 bog bodies
  A blink frog (shapeshifter) (Vaults:4)
  11 hippogriffs
  4 ettin zombies
  18 blink frogs
  6 fire dragon zombies
  4 dream sheep (Lair:4)
  3 alligator zombies
  A stone giant simulacrum (Abyss:2)
  An ice dragon zombie (Abyss:3)
  2 spriggan zombies (Hell)
  9 raiju (Abyss:3)
  An iron dragon simulacrum (Hell)
  A shock serpent simulacrum (Tar:4)
  A fire giant simulacrum (Hell)
  12 starcursed masses
  8 ettin skeletons
  64 flying skulls
  2 tarantellas (shapeshifter)
  26 shadows
  A yak (shapeshifter) (Depths:1)
  2 black mamba zombies
  6 fire dragon skeletons
  11 water elementals
  7 alligator skeletons
  5 spriggans
  3 dire elephant simulacra (IceCv)
  11 wyverns
  2 black mamba skeletons
  2 ice dragon skeletons
  2 vampires
  A ynoxinul (Abyss:2)
  20 wraiths
  7 basilisks
  33 fire elementals
  2 chaos spawn (Depths:1)
  57 yaks
  4 hungry ghosts
  3 hogs (D:7)
  8 humans
  Eustachio (D:5)
  4 golden eyes (Abyss:3)
  22 vampire mosquitoes
  2 human simulacra
  A neqoxec (Abyss:3)
  3 swamp worm simulacra (Swamp:4)
  6 wargs
  2 harpy simulacra (IceCv)
  15 swamp worms
  47 nagas
  3 iron troll simulacra (IceCv)
  A warg (shapeshifter) (Vaults:5)
  5 insubstantial wisps (Swamp:4)
  A spatial vortex (Dis:7)
  2 deep troll zombies
  42 hell hounds
  6 acid dragons
  3 merfolk skeletons
  7 spiny frog zombies
  2 soldier ants (D:13)
  11 water moccasins
  8 porcupines
  Duvessa (D:4)
  22 hydra simulacra
  A water nymph skeleton (Crypt:1)
  28 orc warriors
  6 sky beasts
  3 black bears
  A black bear (shapeshifter) (Vaults:4)
  10 ice beasts
  9 swamp drakes
  An elf zombie (Vaults:4)
  2 spiny frog skeletons
  2 ettin simulacra
  3 eyes of draining
  4 phantoms
  19 necrophages
  33 wolves
  A hornet zombie (D:5)
  53 ogres
  A manticore zombie (Dis:7)
  4 snapping turtle skeletons
  10 boggarts
  An orc skeleton (Vaults:1)
  18 centaurs
  2 elf skeletons
  2 swamp dragon skeletons
  14 crocodiles
  4 big kobolds
  A big kobold (shapeshifter) (Depths:1)
  A yaktaur zombie (Hell)
  4 earth elementals
  22 bullfrogs
  Dowan (D:4)
  A spiny frog simulacrum (Coc:2)
  6 scorpions
  A draconian skeleton (Crypt:1)
  39 killer bees
  A cyclops skeleton (Crypt:3)
  A troll zombie (Geh:5)
  34 wights
  A swamp dragon simulacrum (IceCv)
  A howler monkey (shapeshifter) (Depths:4)
  2 howler monkeys
  A yak skeleton (Crypt:2)
  An electric eel (Lair:1)
  5 crimson imps
  4 draconian simulacra (IceCv)
  3 quasits
  5 bullfrog zombies
  12 iron imps
  A basilisk zombie (Crypt:3)
  3 centaur zombies
  6 hounds
  4 jellies
  19 orc priests
  2 bullfrog skeletons
  Crazy Yiuf (D:4)
  27 orc wizards
  10 iguanas
  A gnoll shaman (D:9)
  A black bear skeleton (Crypt:1)
  A hell rat (Lair:4)
  Ijyb (D:3)
  9 worker ants
  2 spriggan simulacra (IceCv)
  3 polar bear simulacra (IceCv)
  A troll simulacrum (IceCv)
  4 wolf simulacra (IceCv)
  A centaur simulacrum (IceCv)
  3 ogre skeletons
  A demigod skeleton (Crypt:3)
  A dwarf skeleton (Crypt:1)
  A naga skeleton (Crypt:3)
  2 hound zombies
  A hound skeleton (D:6)
  2 mummies
  A worker ant zombie (D:5)
  Robin (D:4)
  16 gnolls
  2 howler monkey skeletons (D:5)
  8 adders
  5 naga simulacra (IceCv)
  2 ogre simulacra (IceCv)
  10 shadow imps
  17 white imps
  7 ufetubi (IceCv)
  An ooze (D:1)
  5 swamp drake simulacra (Swamp:4)
  2 adder zombies
  A worm (D:2)
  4 dart slugs
  6 leopard geckos
  91 orcs
  5 giant cockroaches
  14 goblins
  7 hobgoblins
  6 jackals
  24 kobolds
  6 quokkas
  A ball python (D:2)
  9 bats
  A kobold skeleton (Crypt:3)
  A leopard gecko zombie (D:6)
  5 rats
  A rat skeleton (Crypt:2)
  2 briar patches (Swamp:4)
  6 crawling corpses
  A lurking horror (Abyss:3)
  A plant (Lair:1)
  5 tentacles (Hell)
3536 creatures vanquished.

Vanquished Creatures (collateral kills)
  An ancient lich (Crypt:3)
  The ghost of Ulecsuczon the Impregnable, a veteran MiGl of Hepliaklqana (Crypt:3)
  A bone dragon (Crypt:3)
  A sphinx (Crypt:3)
  An ancient champion (Crypt:3)
  A reaper (Crypt:3)
  A vampire knight (Crypt:3)
  An eidolon (Crypt:3)
  A soul eater (Crypt:3)
  A skeletal warrior (Crypt:3)
  A flayed ghost (Crypt:3)
  An obsidian statue (Crypt:3)
  A guardian mummy (Crypt:3)
  A tarantella zombie (Crypt:3)
  2 flying skulls (Crypt:3)
  A faun zombie (Crypt:3)
  A wight (Crypt:3)
18 creatures vanquished.

Vanquished Creatures (others)
  2 elemental wellsprings
  A deep elf high priest (Depths:4)
  A hell hog (Geh:7)
  2 quicksilver dragon simulacra (Depths:4)
  An anaconda zombie (Geh:5)
  A stone giant zombie (Geh:5)
  3 bog bodies
  An ettin skeleton (Geh:7)
  A shadow (Geh:5)
  A flying skull (Depths:4)
  A wraith (Geh:7)
  3 humans
  A neqoxec (Abyss:3)
  An insubstantial wisp (Swamp:4)
  2 swamp drakes
  An orc warrior (Vaults:4)
  An ogre (Vaults:4)
  4 ettin simulacra (Depths:4)
  A scorpion (D:11)
  A wight (D:11)
  A shadow imp (D:11)
  A white imp (Coc:7)
  4 orcs
  A quokka (D:12)
  A briar patch (Swamp:4)
  9 fungi
  13 plants
  8 tentacles
68 creatures vanquished.

Grand Total: 3622 creatures vanquished

Notes
Turn   | Place    | Note
-------+----------+-------------------------------------------
     0 | D:1      | Kairok the Vine Stalker Assassin began the quest for the
                  | Orb.
     0 | D:1      | Reached XP level 1. HP: 11/11 MP: 2/2
    16 | D:1      | Reached skill level 5 in Stealth
    75 | D:1      | Reached XP level 2. HP: 4/15 MP: 3/3
   508 | D:1      | Reached XP level 3. HP: 18/18 MP: 4/4
  1343 | D:2      | Found a glowing golden altar of the Shining One.
  1601 | D:3      | Reached skill level 6 in Stealth
  1601 | D:3      | Gained mutation: Your natural rate of healing is unusually
                  | fast. [Vine Stalker growth]
  1601 | D:3      | Reached XP level 4. HP: 16/23 MP: 2/5
  1631 | D:3      | Reached skill level 1 in Dodging
  1988 | D:3      | Noticed Ijyb
  2071 | D:3      | Reached skill level 1 in Armour
  2082 | D:3      | Killed Ijyb
  2082 | D:3      | Reached XP level 5. HP: 25/26 MP: 4/6
  2679 | D:4      | Noticed Duvessa
  2679 | D:4      | Noticed Dowan
  2679 | D:4      | Noticed a phantom
  2795 | D:4      | Noticed a phantom
  2809 | D:4      | Killed a phantom
  2809 | D:4      | Reached XP level 6. HP: 30/30 MP: 7/7
  2943 | D:4      | Found Uladderghuw's Armour Boutique.
  3008 | D:4      | Killed a phantom
  3018 | D:4      | Found a staircase to the Ecumenical Temple.
  3095 | Temple   | Entered the Ecumenical Temple
  3207 | Temple   | Became a worshipper of Warmaster Okawaru
  3247 | D:4      | Noticed a phantom
  3279 | D:4      | Killed a phantom
  3279 | D:4      | Reached XP level 7. HP: 35/35 MP: 8/8
  3305 | D:4      | Found a runed translucent door.
  3306 | D:4      | Noticed Crazy Yiuf
  3332 | D:4      | Found a snail-covered altar of Cheibriados.
  3445 | D:4      | Identified the cursed +0 helmet "Asoalid" {rCorr}
  3445 | D:4      | Noticed Robin
  3602 | D:4      | Killed Robin
  3684 | D:4      | Killed Duvessa
  3703 | D:4      | Killed Dowan
  3947 | D:4      | Killed Crazy Yiuf
  3947 | D:4      | Reached * piety under Okawaru
  4032 | D:5      | Entered Level 5 of the Dungeon
  4064 | D:5      | Got a pitted chain mail
  4075 | D:5      | Identified the +9 chain mail "Gogrerer" {rPois Str+3 Int-4}
                  | (You found it on level 5 of the Dungeon)
  4162 | D:5      | Gained mutation: You have razor-sharp teeth. [Vine Stalker
                  | growth]
  4162 | D:5      | Reached XP level 8. HP: 40/40 MP: 9/9
  4187 | D:5      | Noticed Eustachio
  4197 | D:5      | Killed Eustachio
  4224 | D:5      | Reached skill level 5 in Short Blades
  5810 | D:7      | Found Xapi's Book Shop.
  5819 | D:7      | Found a burning altar of Makhleb.
  5830 | D:7      | Reached ** piety under Okawaru
  5859 | D:7      | Noticed a troll
  5871 | D:7      | Killed a troll
  5871 | D:7      | Reached XP level 9. HP: 25/45 MP: 5/10
  5999 | D:7      | Reached skill level 5 in Armour
  6438 | D:7      | Reached *** piety under Okawaru
  6645 | D:8      | Reached XP level 10. HP: 51/51 MP: 11/11
  6649 | D:8      | Reached skill level 5 in Fighting
  6762 | D:8      | Reached **** piety under Okawaru
  6998 | D:8      | Found a staircase to the Lair.
  7336 | D:8      | Reached ***** piety under Okawaru
  7648 | Lair:1   | Entered Level 1 of the Lair of Beasts
  7759 | Lair:1   | Noticed Fannar
  7797 | Lair:1   | Killed Fannar
  7797 | Lair:1   | Reached XP level 11. HP: 32/57 MP: 9/12
  7809 | Lair:1   | Found a dark tunnel.
  7816 | Volcano  | Entered a volcano
  8113 | Lair:1   | Reached skill level 10 in Short Blades
  8228 | Lair:1   | Noticed an oklob plant
  8261 | Lair:1   | Killed an oklob plant
  8261 | Lair:1   | Received a gift from Okawaru
  8261 | Lair:1   | Reached skill level 7 in Stealth
  8449 | Lair:1   | Reached skill level 1 in Evocations
  8774 | Lair:2   | Noticed a five-headed hydra
  8800 | Lair:2   | Received a gift from Okawaru
  8808 | Lair:2   | Killed a five-headed hydra
  8816 | Lair:2   | Reached skill level 1 in Invocations
  8916 | Lair:2   | Noticed a six-headed hydra
  8938 | Lair:2   | Killed a six-headed hydra
  8979 | Lair:2   | Gained mutation: You heal very quickly. [Vine Stalker
                  | growth]
  8979 | Lair:2   | Reached XP level 12. HP: 63/63 MP: 14/14
  8995 | Lair:2   | Reached skill level 1 in Shields
  9408 | Lair:2   | Found a staircase to the Snake Pit.
  9906 | Snake:1  | Entered Level 1 of the Snake Pit
  9934 | Lair:3   | Noticed a four-headed hydra
  9943 | Lair:3   | Killed a four-headed hydra
  9943 | Lair:3   | Received a gift from Okawaru
  9961 | Lair:3   | Noticed a six-headed hydra
  9974 | Lair:3   | Killed a six-headed hydra
  9974 | Lair:3   | Reached skill level 5 in Dodging
 10040 | Lair:3   | Got a scintillating bone amulet
 10067 | Lair:3   | Identified the amulet "Cit Gyly" {Inacc rC+ rN+ MR+} (You
                  | found it on level 3 of the Lair of Beasts)
 10253 | Lair:3   | Received a gift from Okawaru
 10259 | Lair:3   | Reached ****** piety under Okawaru
 10924 | Lair:4   | Reached XP level 13. HP: 65/69 MP: 15/15
 10933 | Lair:4   | Reached skill level 5 in Shields
 10979 | Lair:4   | Found a hazy altar of Hepliaklqana.
 11051 | Lair:4   | Received a gift from Okawaru
 11084 | Lair:4   | Found a staircase to the Swamp.
 11492 | Lair:4   | Was placed under penance by Okawaru
 11508 | Lair:4   | Was forgiven by Okawaru
 11751 | Lair:4   | Received a gift from Okawaru
 12135 | Lair:5   | Reached skill level 8 in Stealth
 12139 | Lair:5   | Gained mutation: You have a pair of small horns on your
                  | head. [potion of mutation]
 12139 | Lair:5   | Gained mutation: You are weak. (Str -2) [potion of
                  | mutation]
 12139 | Lair:5   | Gained mutation: You evolve. [potion of mutation]
 12234 | Lair:5   | Received a gift from Okawaru
 12285 | Lair:5   | Got a jewelled scale mail {god gift}
 12296 | Lair:5   | Identified the +0 scale mail "Mowat" {rC+ Str+3 Int+2
                  | Slay+3} (Okawaru gifted it to you on level 5 of the Lair of
                  | Beasts)
 12358 | Lair:5   | Found a staircase to the Slime Pits.
 12358 | Lair:5   | Found a viscous altar of Jiyva.
 12697 | Slime:1  | Entered Level 1 of the Pits of Slime
 12706 | Lair:6   | Entered Level 6 of the Lair of Beasts
 12783 | Lair:6   | Reached XP level 14. HP: 75/75 MP: 16/16
 12850 | Lair:6   | Reached skill level 10 in Armour
 12882 | Lair:6   | Gained mutation: You rapidly evolve. [evolution]
 13283 | Lair:6   | Received a gift from Okawaru
 13949 | Swamp:1  | Entered Level 1 of the Swamp
 13966 | Swamp:1  | Received a gift from Okawaru
 13972 | Swamp:1  | Identified 2 scrolls of acquirement
 13975 | Swamp:1  | Got an iridescent rapier
 13976 | Swamp:1  | Identified the +7 rapier "Notot" {freeze, rElec Dex+4} (You
                  | acquired it on level 1 of the Swamp)
 14230 | Snake:1  | Reached skill level 9 in Stealth
 14401 | Snake:1  | Reached skill level 10 in Fighting
 14423 | Snake:1  | Noticed Rupert
 14655 | Snake:1  | Noticed Aizul
 14675 | Snake:1  | Reached XP level 15. HP: 80/80 MP: 18/18
 14697 | Snake:1  | Killed Aizul
 14697 | Snake:1  | Received a gift from Okawaru
 14811 | Snake:1  | Killed Rupert
 15071 | Snake:1  | Received a gift from Okawaru
 15072 | Snake:1  | Gained mutation: You are partially covered in thin metallic
                  | scales. (AC +2) [evolution]
 15721 | Snake:2  | Reached skill level 10 in Shields
 16376 | Snake:2  | Noticed a nagaraja
 16380 | Snake:2  | Noticed a nagaraja
 16428 | Snake:2  | Killed a nagaraja
 16428 | Snake:2  | Received a gift from Okawaru
 16978 | Snake:3  | Noticed a nagaraja
 16996 | Snake:3  | Killed a nagaraja
 16996 | Snake:3  | Reached XP level 16. HP: 70/86 MP: 19/19
 17171 | Snake:3  | Lost mutation: You are weak. (Str -2) [evolution]
 17372 | Snake:3  | Noticed a nagaraja
 17383 | Snake:3  | Killed a nagaraja
 17441 | Snake:3  | Found Ajouk's Gadget Shop.
 17441 | Snake:3  | Found Vios Xil's Jewellery Emporium.
 17442 | Snake:3  | Found Vaamalim's Gadget Shop.
 17480 | Snake:3  | Bought an uncursed amulet of faith for 640 gold pieces
 17590 | Snake:3  | Noticed a nagaraja
 17605 | Snake:3  | Killed a nagaraja
 17622 | Snake:3  | Received a gift from Okawaru
 17830 | Snake:4  | Entered Level 4 of the Snake Pit
 17831 | Snake:4  | Noticed Vashnia
 17947 | Snake:4  | Noticed a nagaraja
 17960 | Snake:4  | Killed a nagaraja
 17960 | Snake:4  | Received a gift from Okawaru
 17990 | Snake:4  | Found a frozen archway.
 18017 | IceCv    | Entered an ice cave
 18202 | IceCv    | Got a heavily runed plate armour
 18240 | IceCv    | Identified the +2 plate armour of Cukkivuf {rC+ Stlth+}
                  | (You found it in an ice cave)
 19177 | IceCv    | Identified a +0 pair of boots of running (You found it in
                  | an ice cave)
 19577 | Snake:4  | Lost mutation: You have a pair of small horns on your head.
                  | [evolution]
 19577 | Snake:4  | Lost mutation: You rapidly evolve. [decline of evolution]
 19676 | Snake:4  | Reached skill level 1 in Spellcasting
 19783 | Snake:4  | Noticed a nagaraja
 19825 | Snake:4  | Killed a nagaraja
 19849 | Snake:4  | Received a gift from Okawaru
 19853 | Snake:4  | Got a steaming plate armour {god gift}
 19864 | Snake:4  | Identified the +0 plate armour of Keog Xur {rF+} (Okawaru
                  | gifted it to you on level 4 of the Snake Pit)
 19988 | Snake:4  | Killed Vashnia
 19988 | Snake:4  | Reached skill level 10 in Stealth
 20049 | Snake:4  | Reached XP level 17. HP: 40/91 MP: 21/21
 20355 | Snake:4  | Received a gift from Okawaru
 20612 | Snake:4  | Got a serpentine rune of Zot
 20740 | Snake:4  | Reached skill level 11 in Stealth
 21685 | Swamp:1  | Noticed Frances
 21698 | Swamp:1  | Killed Frances
 22502 | Swamp:2  | Got a sparkling wooden ring
 22504 | Swamp:2  | Identified the ring of Ytageoge {Wiz rPois MR+ Dex-4} (You
                  | found it on level 2 of the Swamp)
 22522 | Swamp:2  | Received a gift from Okawaru
 22661 | Swamp:2  | Reached skill level 5 in Spellcasting
 23234 | Swamp:3  | Received a gift from Okawaru
 23454 | Swamp:3  | Noticed Bai Suzhen
 23455 | Swamp:3  | Noticed Bai Suzhen
 23455 | Swamp:3  | Bai Suzhen changed into Bai Suzhen the shard shrike
 23471 | Swamp:3  | Killed Bai Suzhen the shard shrike
 23471 | Swamp:3  | Reached XP level 18. HP: 70/98 MP: 19/27
 23655 | Swamp:3  | Received a gift from Okawaru
 23660 | Swamp:3  | Got a pitted chain mail {god gift}
 23671 | Swamp:3  | Identified the +0 chain mail "Wifru" {Regen+} (Okawaru
                  | gifted it to you on level 3 of the Swamp)
 23994 | Swamp:3  | Got an ancient short sword
 23995 | Swamp:3  | Identified the +2 short sword "Goblinslayer" {pierce, rN+}
                  | (You acquired it on level 3 of the Swamp)
 24008 | Swamp:3  | Got a transparent copper ring
 24010 | Swamp:3  | Identified the ring of Waed Bet {rC- Str+3 Dex+3 SInv} (You
                  | acquired it on level 3 of the Swamp)
 24040 | Swamp:4  | Entered Level 4 of the Swamp
 24158 | Swamp:4  | Reached skill level 12 in Stealth
 24257 | Swamp:4  | Got a crude glass ring
 24258 | Swamp:4  | Identified the ring of Xom's Bemusement {Str+8 Int+4 Dex+2
                  | Slay-2} (You found it on level 4 of the Swamp)
 25446 | Swamp:4  | Got a decaying rune of Zot
 25947 | D:9      | Found a bloodstained altar of Trog.
 26200 | D:9      | Noticed Psyche
 26213 | D:9      | Killed Psyche
 26416 | D:10     | Entered Level 10 of the Dungeon
 27010 | D:10     | Noticed Maurice
 27022 | D:10     | Killed Maurice
 27022 | D:10     | Reached skill level 13 in Stealth
 27109 | D:10     | Gained mutation: You are robust. (+10% HP) [evolution]
 27231 | D:10     | Received a gift from Okawaru
 27235 | D:10     | Got a crude dagger {god gift}
 27236 | D:10     | Identified the +8 dagger "Ihoug" {holy, rPois Int+2 Dex+4}
                  | (Okawaru gifted it to you on level 10 of the Dungeon)
 27600 | D:11     | Noticed Nergalle
 27617 | D:11     | Killed Nergalle
 27818 | D:11     | Received a gift from Okawaru
 28077 | D:11     | Identified the +12 lajatang of Recklessness {freeze, rF+++
                  | MR- Str-3 Dex+4}
 28222 | D:11     | Found a staircase to the Orcish Mines.
 28684 | Orc:1    | Entered Level 1 of the Orcish Mines
 28705 | Orc:1    | You fall into a shaft and drop 1 floor!
 28705 | Orc:2    | Entered Level 2 of the Orcish Mines
 28785 | Orc:2    | Found Ceikk's Antique Weapon Emporium.
 28791 | Orc:2    | Found Etezeub's Gadget Shop.
 28837 | Orc:2    | Reached XP level 19. HP: 92/113 MP: 30/30
 28856 | Orc:2    | Reached skill level 14 in Stealth
 28908 | Orc:2    | Received a gift from Okawaru
 28971 | Orc:2    | Found Fodirr's Jewellery Shoppe.
 29017 | Orc:2    | Found Viac's Antique Weapon Emporium.
 29024 | Orc:2    | Bought a cursed -2 ring of evasion for 34 gold pieces
 29173 | Orc:2    | Found a staircase to the Elven Halls.
 29655 | Orc:1    | Found Pathres's Distillery.
 29661 | Orc:1    | Bought a potion of magic for 112 gold pieces
 29661 | Orc:1    | Bought a potion of curing for 42 gold pieces
 29661 | Orc:1    | Bought a potion of curing for 42 gold pieces
 29661 | Orc:1    | Bought a potion of haste for 140 gold pieces
 29661 | Orc:1    | Bought a potion of curing for 42 gold pieces
 29905 | Elf:1    | Entered Level 1 of the Elven Halls
 30483 | Elf:1    | Found Usosemen's Weapon Boutique.
 30749 | Elf:1    | Reached skill level 5 in Invocations
 31055 | Elf:2    | Got a transparent jade ring
 31057 | Elf:2    | Identified the cursed ring "Qibeitsa" {rElec rF- AC-2
                  | Dex+4} (You found it on level 2 of the Elven Halls)
 31226 | Elf:2    | Received a gift from Okawaru
 31996 | Elf:2    | Found a huge runed translucent gate.
 31996 | Elf:2    | Found a huge runed translucent gate.
 31996 | Elf:2    | Found a huge runed translucent gate.
 31996 | Elf:2    | Found a huge runed translucent gate.
 31997 | Elf:2    | Found a huge runed translucent gate.
 32226 | Elf:2    | Reached skill level 15 in Stealth
 32696 | Elf:3    | Entered Level 3 of the Elven Halls
 32705 | Elf:3    | Received a gift from Okawaru
 32709 | Elf:3    | Got a distressingly furry scale mail {god gift}
 32725 | Elf:2    | Identified the +1 scale mail "Estiph" {rElec rC+ MR+}
                  | (Okawaru gifted it to you on level 3 of the Elven Halls)
 32908 | Elf:3    | Reached XP level 20. HP: 77/119 MP: 33/33
 33175 | Elf:3    | Found an ancient bone altar of Kikubaaqudgha.
 33244 | Elf:3    | Identified the ring "Adwijona" {Fire Str+5 SInv Stlth+}
 33382 | Elf:3    | Reached skill level 15 in Shields
 33467 | Elf:3    | Reached skill level 16 in Stealth
 33528 | Elf:3    | Received a gift from Okawaru
 33700 | Elf:3    | Identified the +1 leather armour of Catatonia {rC- Str+7}
 33886 | Elf:3    | Got a fine scale mail
 33897 | Elf:3    | Identified the +4 scale mail "Eroetzan" {Dex+4} (You found
                  | it on level 3 of the Elven Halls)
 33910 | Elf:3    | Upgraded the game from 0.24.0-2-g5b39cebb1c to
                  | 0.24.0-3-g28a8eb0610
 33918 | Elf:3    | Got a smoking dagger
 33922 | Elf:3    | Identified the +3 dagger "Mamid" {pain, *Drain +Fly rPois
                  | Str+4} (You found it on level 3 of the Elven Halls)
 33935 | Elf:3    | Got a shimmering dagger
 33936 | Elf:3    | Identified the +6 dagger of Bedy {pain, Str+2} (You found
                  | it on level 3 of the Elven Halls)
 33973 | Elf:3    | Gained mutation: You are mostly covered in thin metallic
                  | scales. (AC +3) [evolution]
 35147 | D:12     | Noticed Kirke
 35159 | D:12     | Killed Kirke
 35624 | D:12     | Got a dazzling scale mail
 35635 | D:12     | Identified the +2 scale mail of Relativism {rC+} (You found
                  | it on level 12 of the Dungeon)
 35699 | D:13     | Found Virot's Gadget Emporium.
 35820 | D:13     | Received a gift from Okawaru
 36102 | D:13     | Received a gift from Okawaru
 36173 | D:13     | Found a gate to the Vaults.
 36432 | Vaults:1 | Entered Level 1 of the Vaults
 36453 | Vaults:1 | Received a gift from Okawaru
 36475 | Vaults:1 | Reached XP level 21. HP: 125/125 MP: 35/35
 36523 | Vaults:1 | Found a runed translucent door.
 36525 | Vaults:1 | Noticed Kipt's ghost (adept SpFE)
 36784 | Vaults:1 | Noticed Agnes
 36793 | Vaults:1 | Noticed Frederick
 36801 | Vaults:1 | Killed Agnes
 36801 | Vaults:1 | Reached skill level 17 in Stealth
 36837 | Vaults:1 | Killed Frederick
 36847 | Vaults:1 | Lost mutation: You evolve. [evolution]
 36855 | Vaults:1 | Received a gift from Okawaru
 37032 | Vaults:1 | Reached skill level 10 in Spellcasting
 37584 | Vaults:1 | Killed Kipt's ghost
 38136 | Vaults:2 | Identified the +3 leather armour of Asur {Int+3} (You found
                  | it on level 2 of the Vaults)
 38554 | Vaults:2 | You fall into a shaft and drop 1 floor!
 38716 | Vaults:3 | Received a gift from Okawaru
 38716 | Vaults:3 | Reached skill level 18 in Stealth
 38740 | Vaults:3 | Got a twisted cloak {god gift}
 38751 | Vaults:3 | Identified the +0 cloak of the Shore {*Corrode rElec
                  | Stlth+} (Okawaru gifted it to you on level 3 of the Vaults)
 39320 | Vaults:2 | Found a staircase to the Crypt.
 39394 | Vaults:2 | Got a pair of spiked boots
 39400 | Vaults:2 | Identified the -5 pair of boots of the Solstice {rPois
                  | rCorr Int+4 Stlth-} (You acquired it on level 2 of the
                  | Vaults)
 39416 | Vaults:2 | Got an encrusted cloak
 39427 | Vaults:2 | Identified the +0 cloak "Siczesa" {rF+} (You acquired it on
                  | level 2 of the Vaults)
 39562 | Vaults:3 | Reached XP level 22. HP: 132/132 MP: 37/37
 39883 | Vaults:3 | Received a gift from Okawaru
 40908 | Vaults:4 | Reached skill level 10 in Invocations
 40936 | Vaults:4 | Reached skill level 19 in Stealth
 41002 | Vaults:4 | Received a gift from Okawaru
 41063 | Vaults:4 | Identified the +6 rapier of the Egg {freeze, Dex+4}
                  | (Okawaru gifted it to you on level 4 of the Vaults)
 42171 | Vaults:4 | Received a gift from Okawaru
 42341 | Vaults:4 | Identified the Volume of Confrontation
 42854 | Temple   | Fell from the grace of Okawaru
 42854 | Temple   | Became a worshipper of the Shining One
 43219 | Crypt:1  | Entered Level 1 of the Crypt
 43284 | Crypt:1  | Reached * piety under the Shining One
 43300 | Crypt:1  | Reached XP level 23. HP: 103/137 MP: 39/39
 43415 | Crypt:1  | Reached ** piety under the Shining One
 43577 | Crypt:1  | Reached *** piety under the Shining One
 43750 | Crypt:1  | Reached **** piety under the Shining One
 44034 | Crypt:1  | Reached ***** piety under the Shining One
 44930 | Crypt:2  | Reached ****** piety under the Shining One
 44972 | Crypt:2  | Identified a +4 quick blade of holy wrath (a +2 quick blade
                  | of venom blessed by the Shining One)
 44972 | Crypt:2  | Received a gift from the Shining One
 45010 | Crypt:2  | Reached skill level 10 in Dodging
 45330 | Crypt:3  | Entered Level 3 of the Crypt
 45591 | Crypt:3  | Found an ancient bone altar of Kikubaaqudgha.
 45691 | Crypt:3  | Noticed an ancient lich
 45901 | Crypt:3  | Reached skill level 20 in Stealth
 45932 | Crypt:3  | Found a staircase to the Tomb.
 45985 | Crypt:3  | Found a runed translucent gate.
 45985 | Crypt:3  | Found a runed translucent gate.
 45985 | Crypt:3  | Found a runed translucent gate.
 45987 | Crypt:3  | Found an opulent altar of Gozag.
 45988 | Crypt:3  | Noticed an ancient lich
 46109 | Crypt:3  | Killed an ancient lich
 46273 | Crypt:3  | Found Xaolimadwi's Assorted Antiques.
 46273 | Crypt:3  | Noticed Ulecsuczon's ghost (veteran MiGl)
 47104 | Crypt:3  | Reached XP level 24. HP: 128/143 MP: 38/40
 47268 | Crypt:3  | Got a twitching granite ring
 47271 | Crypt:3  | Identified the ring of Ethics {rPois rN+} (You found it on
                  | level 3 of the Crypt)
 47272 | Crypt:3  | Got a transparent amber ring
 47274 | Crypt:3  | Identified the ring of the Present {rElec rN+ Dex+3} (You
                  | found it on level 3 of the Crypt)
 47319 | Crypt:3  | Identified the amulet of Qedghyhe {Regen+ Str+2 Dex+2} (You
                  | found it on level 3 of the Crypt)
 47619 | Crypt:3  | Killed an ancient lich
 47677 | Crypt:3  | Killed Ulecsuczon's ghost
 47719 | Crypt:3  | Bought 2 potions of might for 264 gold pieces
 47719 | Crypt:3  | Bought a scroll of identify for 66 gold pieces
 47719 | Crypt:3  | Bought a potion of cancellation for 264 gold pieces
 47719 | Crypt:3  | Bought a potion of haste for 330 gold pieces
 48313 | Temple   | Fell from the grace of the Shining One
 48313 | Temple   | Became a worshipper of Uskayaw the Reveler
 48647 | Vaults:5 | Entered Level 5 of the Vaults
 48649 | Vaults:5 | Reached * piety under Uskayaw
 48651 | Vaults:5 | Reached ** piety under Uskayaw
 48655 | Vaults:5 | Reached *** piety under Uskayaw
 48656 | Vaults:5 | Reached **** piety under Uskayaw
 48657 | Vaults:5 | Reached ***** piety under Uskayaw
 48660 | Vaults:5 | Reached ****** piety under Uskayaw
 48874 | Vaults:5 | Reached skill level 21 in Stealth
 49278 | Vaults:5 | Was forgiven by Okawaru
 49707 | Vaults:5 | Reached skill level 15 in Fighting
 49731 | Vaults:5 | Reached XP level 25. HP: 111/148 MP: 41/41
 50229 | Vaults:5 | Got a silver rune of Zot
 50473 | Vaults:5 | Reached skill level 22 in Stealth
 51178 | D:14     | Learned a level 2 spell: Blink
 51954 | D:15     | Entered Level 15 of the Dungeon
 52260 | D:15     | Found a sparkling altar of Nemelex Xobeh.
 52682 | D:4      | Bought a scarf of resistance for 416 gold pieces
 53026 | D:15     | Found a staircase to the Depths.
 53212 | Depths:1 | Entered Level 1 of the Depths
 53220 | Depths:1 | Found a sparkling altar of Nemelex Xobeh.
 53308 | Depths:1 | Found Tonaan's Distillery.
 53363 | Depths:1 | Bought 2 potions of mutation for 272 gold pieces
 53363 | Depths:1 | Bought a potion of haste for 170 gold pieces
 53363 | Depths:1 | Bought a potion of agility for 68 gold pieces
 53363 | Depths:1 | Bought a potion of might for 68 gold pieces
 53491 | Depths:1 | Reached XP level 26. HP: 155/155 MP: 41/41
 53541 | Depths:1 | Reached skill level 23 in Stealth
 53709 | Depths:1 | Found a one-way gate leading to the halls of Pandemonium.
 53888 | Depths:1 | Found a gateway to Hell.
 54486 | Depths:2 | Found Nirchyat's Gadget Shoppe.
 54514 | Depths:2 | Bought a phantom mirror for 690 gold pieces
 54514 | Depths:2 | Bought a wand of paralysis (9) for 253 gold pieces
 54682 | Depths:2 | Found a shimmering blue altar of Sif Muna.
 54753 | Depths:2 | Identified the Catalogue of Doomed Orientation
 54755 | Depths:2 | Identified the Grimoire of Helpful Black Rituals
 54767 | Depths:2 | Learned a level 3 spell: Regeneration
 54881 | Depths:2 | Identified the +2 short sword of Exhibitionism {antimagic,
                  | +Blink rPois} (You found it on level 2 of the Depths)
 54955 | Depths:2 | Identified the Guide on Mutagenic Heat
 54988 | Depths:2 | Identified Yvuodis's Almanac of Quantum Poison
 55199 | Depths:2 | Reached skill level 1 in Necromancy
 55258 | Depths:3 | Noticed the Enchantress
 55259 | Depths:3 | You fall into a shaft and drop 1 floor!
 55269 | Depths:4 | Identified the +5 trident of Cowardice {venom, Str+3}
 55280 | Depths:4 | Reached skill level 1 in Charms
 55280 | Depths:4 | Found a glowing silver altar of Zin.
 55352 | Depths:4 | Reached skill level 24 in Stealth
 55642 | Depths:4 | Found a shattered altar of Ashenzari.
 55645 | Depths:4 | Identified the +5 scale mail of Heresy {+Inv rElec} (You
                  | found it on level 4 of the Depths)
 55667 | Depths:4 | Noticed Sojobo
 55686 | Depths:4 | Killed Sojobo
 55785 | Depths:4 | Found a hide-covered altar of Uskayaw.
 55827 | Depths:4 | Reached XP level 27. HP: 125/159 MP: 42/42
 55852 | Depths:4 | Found a shimmering altar of Xom.
 55852 | Depths:4 | Found a one-way gate to the infinite horrors of the Abyss.
 56975 | Depths:4 | Reached skill level 15 in Invocations
 57041 | Depths:5 | Entered Level 5 of the Depths
 57169 | Hell     | Entered the Vestibule of Hell
 57169 | Hell     | Noticed Geryon
 57204 | Hell     | Killed Geryon
 57298 | Depths:5 | Noticed a juggernaut
 57327 | Depths:5 | Killed a juggernaut
 57327 | Depths:5 | Reached skill level 25 in Stealth
 57327 | Depths:5 | Reached skill level 5 in Charms
 57417 | Depths:5 | Reached skill level 15 in Spellcasting
 57452 | Depths:5 | Found a gateway to a ziggurat.
 57702 | Depths:5 | Reached skill level 5 in Necromancy
 57857 | Depths:5 | Found a gate to the Realm of Zot.
 58131 | Hell     | Found a gateway to the decaying netherworld of Tartarus.
 58258 | Hell     | Found a gateway to the ashen valley of Gehenna.
 58439 | Hell     | Found a gateway to the freezing wastes of Cocytus.
 58521 | Hell     | Found a gateway to the Iron City of Dis.
 58797 | Geh:1    | Entered Level 1 of Gehenna
 59485 | Geh:2    | Reached skill level 26 in Stealth
 59896 | Geh:3    | You fall into a shaft and drop 2 floors!
 60506 | Geh:7    | Entered Level 7 of Gehenna
 60927 | Geh:7    | Got a clouded garnet amulet
 60928 | Geh:7    | Identified the amulet "Pipnemon" {+Rage rPois rF- Int+8}
                  | (You found it on level 7 of Gehenna)
 61332 | Geh:7    | Gained mutation: You tend to lose your temper in combat.
                  | [mutagenic glow]
 61346 | Geh:7    | Identified the +7 sceptre of Asmodeus
 61346 | Geh:7    | Noticed Asmodeus
 61378 | Geh:7    | Killed Asmodeus
 61399 | Geh:7    | Got an obsidian rune of Zot
 61436 | Geh:7    | Reached skill level 27 in Stealth
 61625 | Coc:1    | Entered Level 1 of Cocytus
 62785 | Coc:7    | Entered Level 7 of Cocytus
 63499 | Coc:7    | Noticed Antaeus
 63590 | Coc:7    | Killed Antaeus
 63678 | Coc:7    | Got an icy rune of Zot
 63906 | Coc:7    | Identified the +4 dagger of the Morning {freeze, Str+4
                  | Int+3} (You found it on level 7 of Cocytus)
 64156 | Tar:1    | Entered Level 1 of Tartarus
 64993 | Tar:5    | You fall into a shaft and drop 1 floor!
 64998 | Tar:7    | Entered Level 7 of Tartarus
 65148 | Tar:7    | Identified the +8 rapier of the Vine {speed, *Slow rC++
                  | Int+2 SInv} (You found it on level 7 of Tartarus)
 65255 | Tar:7    | Noticed Ereshkigal
 65261 | Tar:7    | Killed Ereshkigal
 65797 | Tar:7    | Noticed an ancient lich
 65819 | Tar:7    | Killed an ancient lich
 65892 | Tar:7    | Noticed an ancient lich
 65916 | Tar:7    | Killed an ancient lich
 65932 | Tar:7    | Got a bone rune of Zot
 66006 | Tar:7    | Identified a +2 pair of boots of running (You found it on
                  | level 7 of Tartarus)
 66025 | Tar:7    | Noticed an ancient lich
 66045 | Tar:7    | Killed an ancient lich
 66169 | Tar:7    | Got a sparkling ruby amulet
 66170 | Tar:7    | Identified the amulet "Jusigusy" {Acrobat rElec Str+4
                  | Stlth+} (You found it on level 7 of Tartarus)
 66198 | Tar:7    | Found the +1 cloak of Starlight {rElec rC+ EV+4 Stlth--}
 66320 | Tar:7    | Identified the +1 plate armour of Trial and Error {rN+
                  | rCorr Dex+4} (You found it on level 7 of Tartarus)
 66585 | Dis:1    | Entered Level 1 of the Iron City of Dis
 67416 | Dis:7    | Entered Level 7 of the Iron City of Dis
 67748 | Dis:7    | Noticed the Serpent of Hell
 67821 | Dis:7    | Killed the Serpent of Hell
 67979 | Dis:7    | Identified the +4 staff of Dispater
 67979 | Dis:7    | Noticed Dispater
 67984 | Dis:7    | Killed Dispater
 68002 | Dis:7    | Identified the ring of the Cockatrice {Dex+4 Stlth-} (You
                  | found it on level 7 of the Iron City of Dis)
 68021 | Dis:7    | Got an iron rune of Zot
 68022 | Dis:7    | Identified the Handbook of Floating Cold
 68157 | Dis:7    | Gained mutation: Your body sometimes deteriorates upon
                  | taking damage. [a cacodemon]
 68227 | Hell     | Upgraded the game from 0.24.0-3-g28a8eb0610 to
                  | 0.24.0-7-gb3623d2c88
 68305 | Depths:4 | Voluntarily entered the Abyss.
 68758 | Abyss:3  | Found a stormy altar of Qazlal.
 69304 | Abyss:3  | Got an abyssal rune of Zot
 69305 | Abyss:3  | Noticed an ancient lich
 69311 | Abyss:3  | Paralysed by an ancient lich for 7 turns
 69316 | Abyss:3  | HP: 7/166 [thrashing horror[a glowing orange brain] (3)]
 69316 | Abyss:3  | HP: 2/166 [thrashing horror[a glowing orange brain] (5)]
 69317 | Abyss:3  | Mangled by an ancient lich

Levels and vault maps discovered:
D:1:      dpeg_arrival_orchard, layout_loops_cross
D:2:      layout_basic, tso_altar
D:3:      layout_basic, first_ration, hangedman_decor_riveting,
          hangedman_decor_clover_reticule, uniq_ijyb
D:4:      layout_gridville, kennysheep_slug_shrine, minmay_temple_entry_grid,
          serial_shops, shop, uniq_crazy_yiuf_cottage, uniq_robin, uniq_duvessa
D:5:      layout_basic, uniq_eustachio
D:6:      layout_basic
D:7:      layout_basic, serial_shops, nicolae_shop_behind_doors, basic_altar,
          grunt_livestock
D:8:      layout_cave_pods, minmay_lair_entry_grove, kennysheep_generic_room_8
D:9:      layout_loops_ring, david_defended_altar_orc, uniq_psyche
D:10:     layout_stronghold, uniq_maurice
D:11:     giant_chief_lemuel, layout_cave_pools, orc_0_dummy, uniq_nergalle
D:12:     minmay_the_grid_triangle_9x9_recursive_2_mashed
          [minmay_the_grid_triangle_9x9_prize_center,
          minmay_the_grid_triangle_9x9_dagger,
          minmay_the_grid_triangle_9x9_flanged_cone,
          minmay_the_grid_triangle_9x9_steps], layout_cave_pools,
          minmay_rotating_lava, uniq_kirke
D:13:     layout_cave_pools, ximxim_vaults_locker_room, serial_shops, shop
D:14:     minmay_recursive_quarters, layout_long_grid, minmay_misc_feat_hallway
D:15:     hangedman_depths_entry_civil_slaughter, layout_irregular_city,
          minivault_23, minmay_misc_feat_rows, nemelex_diamond_rough_becter
Temple:   kilobyte_greek_temple
Lair:1:   layout_big_grid, nicolae_volcano_entry_hallway, serial_bayou_lagoon_b,
          minmay_lair_oklob_chamber, lemuel_fruit_fields, lemuel_fruit_tree,
          lemuel_fruit_fields, uniq_fannar
Lair:2:   layout_regular_city, minmay_snake_entry_guardpost_large,
          lemuel_fruit_fields
Lair:3:   layout_roguey
Lair:4:   regret_index_wax_grids, layout_long_grid, skrybe_swamp_entry_bodies,
          basic_altar, wad_woods_road_01, small_statue_intersection,
          grunt_forest_large_clearing_hut
Lair:5:   layout_hall_layers, slime_altar_1
Lair:6:   evilmike_catoblepas_cave, layout_small_grid
Swamp:1:  layout_basic_swamp, evilmike_swamp_ruin_house_5, swamp_pool5,
          hangedman_swamp_blocks, uniq_frances
Swamp:2:  layout_falls_marsh, hangedman_swamp_ruin_hall
Swamp:3:  layout_basic_swamp, infiniplex_staircase_pool_2, swamp_pool4,
          uniq_bai_suzhen
Swamp:4:  swamp_icy, layout_basic_swamp, swamp_pool3,
          nicolae_swamp_fairy_circle, hangedman_swamp_dais
Snake:1:  layout_cave_shapes, st_stairs_11, uniq_aizul, uniq_rupert
Snake:2:  layout_onion, drop_trap, grunt_ministairs_15, grunt_megastairs_3
Snake:3:  layout_honeycomb, minmay_shop_grove
Snake:4:  grunt_snake_rune_pools, layout_chambers, portal_ice_cave_entry_dragon,
          uniq_vashnia
Slime:1:  layout_caves
Orc:1:    layout_caves, serial_shops, nicolae_shop_stone
Orc:2:    st_orc_open, layout_diamond_mine
Elf:1:    layout_geoelf_diagonals, serial_shops, nicolae_shop_stone,
          kennysheep_underground_church, st_stairs_4, minivault_19
Elf:2:    layout_geoelf_diagonals
Elf:3:    elf_hall, layout_onion_city, basic_altar, drop_trap,
          lemuel_flamethrower_hall
Vaults:1: ebering_vaults_ghost_reflecting_pool, hangedman_vaults_capsules,
          vaults_mumra_hexcomb, nicolae_vaults_puzzle_piece, v_misc_33,
          sword_in_stone, v_misc_17, ontoclasm_vaults_chip,
          hangedman_vaults_variations, v_misc_25, nicolae_vaults_asterisk,
          vaults_room_pool, ontoclasm_vaults_loading_screen,
          layout_vaults_maze_bifur
Vaults:2: minmay_crypt_entry_skeletal_spiral, ontoclasm_vaults_gallery,
          vaults_mumra_minichess_inversion, v_misc_17, v_pattern_1,
          hangedman_vaults_snaps, layout_vaults_quadrants
Vaults:3: v_misc_30, nicolae_vaults_sealed_display, hangedman_vaults_corner,
          vaults_room_pool, ontoclasm_vaults_claustrophobia,
          nicolae_vaults_know_your_exits, v_misc_3, hangedman_vaults_hat,
          ontoclasm_vaults_eye, grunt_vaults_hallway_short, layout_vaults_ring
Vaults:4: st_eye, grunt_vaults_bifocal, v_misc_24, grunt_vaults_hallway_short,
          vaults_dpeg_encased_lava, vaults_room_pool, hangedman_vaults_nails,
          layout_vaults_chaotic_city
Vaults:5: serial_shops
Crypt:1:  layout_misc_corridors, minivault_4
Crypt:2:  layout_basic
Crypt:3:  church_of_pain_bobbens, layout_chaotic_city,
          tomb_entry_simple_bobbens, ebering_ghost_gozag, grunt_ministairs_15,
          minivault_4
Depths:1: layout_cave_shapes, serial_shops, shop, grunt_pan_entry_zigzag,
          hell_entry, nemelex_xobeh_ov_fountains_minmay, grunt_decor_resistance,
          statue_in_the_mist_lemuel, minmay_starry_boxes
Depths:2: evilmike_library_of_no_secrets, layout_cave_pools, pf_coc_iceberg,
          kennysheep_big_empty_room, pan_entry, serial_shops, shop
Depths:3: wad_pebble_path, layout_basic, hex_medium, grunt_pan_entry_spiral,
          nicolae_abyss_entry_one_way_or_another, pf_hell_entry_tar_spiral,
          ebering_ghost_disaster_area, infiniplex_staircase_pool_1,
          uniq_enchantress
Depths:4: grunt_profane_halls [grunt_profane_temple_coc,
          grunt_profane_temple_geh, grunt_profane_temple_dis,
          grunt_profane_temple_tar, grunt_profane_loot], hell_entry,
          abyss_entry, uniq_sojobo
Depths:5: evilmike_zot_entry_hall, layout_cave_pools, enter_ziggurat_a,
          hell_entry, minmay_crystal_room
Hell
Dis:1:    layout_subdivisions
Dis:2:    layout_gridville, hangedman_dis_decor_tower,
          nicolae_dis_strange_trophy_room
Dis:3:    layout_gridville
Dis:4:    layout_gridville
Dis:5:    layout_jigsaw
Dis:6:    layout_subdivisions
Dis:7:    dis_st
Geh:1:    layout_gehenna_lava_caves
Geh:2:    layout_gehenna_pools_box
Geh:3:    layout_gehenna_lava_caves, lemuel_elevator
Geh:5:    layout_gehenna_lava_caves, nicolae_geh_single_fiery_grave,
          gehenna_fire_generator
Geh:6:    layout_gehenna_lava_caves
Geh:7:    geh_hangedman
Coc:1:    layout_cocytus_water_paths
Coc:2:    layout_ice_bergs
Coc:3:    layout_cocytus_water_paths
Coc:4:    layout_ice_bergs
Coc:5:    layout_ice_bergs
Coc:6:    layout_cocytus_water_paths
Coc:7:    coc_hangedman
Tar:1:    layout_honeycomb
Tar:2:    layout_honeycomb
Tar:3:    layout_honeycomb
Tar:4:    layout_catacombs, lemuel_nasty_fountain
Tar:5:    layout_honeycomb
Tar:6:    layout_grid_maze
Tar:7:    tar_grunt_cathedral
Abyss:3:  evilmike_abyss_exit_kraken, evilmike_abyss_exit_8,
          evilmike_abyss_exit_8, hangedman_eye_storm,
          evilmike_nicolae_abyss_rune_betentacled_crabyss,
          evilmike_nicolae_abyss_rune_betentacled_crabyss,
          hangedman_grunt_abyss_rune_horror_hoard,
          hangedman_grunt_abyss_rune_horror_hoard, gammafunk_corrupted_shrine

Skill      XL: |  1  2  3  4  5  6  7  8  9 10 11 12 13 14 15 16 17 18 19 20 21 22 23 24 25 26 27 |
---------------+----------------------------------------------------------------------------------+-----
Stealth        | 5 6 7 8 9 10 11 13 15 16 18 19 20 21 22 24 27 | 27.0
Short Blades   | 2 3 4 6 8 9 10 11 12 13 14 | 14.0
Throwing       | 2 3 4 |  4.4
Dodging        | 1 2 3 4 5 6 7 8 9 10 11 13 | 13.1
Armour         | 1 2 3 4 5 6 8 9 10 11 12 13 14 | 14.1
Fighting       | 2 3 4 6 7 8 9 10 11 12 13 14 15 17 | 17.8
Evocations     | 1 2 3 4 |  4.1
Invocations    | 1 2 4 6 8 9 10 11 12 13 14 19 | 19.8
Shields        | 4 8 9 10 11 13 14 15 16 17 18 19 24 | 24.2
Spellcasting   | 2 5 7 8 9 10 11 12 13 14 18 | 18.0
Necromancy     | 2 8 |  8.9
Charms         | 3 9 |  9.3

Action                   |  1- 3 |  4- 6 |  7- 9 | 10-12 | 13-15 | 16-18 | 19-21 | 22-24 | 25-27 || total
-------------------------+-------+-------+-------+-------+-------+-------+-------+-------+-------++-------
Melee: Dagger            |    69 |   163 |   334 |   801 |   355 |     1 |       |       |       ||  1723
       Bite              |    21 |    47 |   137 |   486 |   724 |  1528 |  1497 |  2156 |  3775 || 10371
       Punch             |       |       |       |     2 |       |       |       |       |       ||     2
       Short sword       |       |       |       |    83 |   430 |       |       |       |       ||   513
       Headbutt          |       |       |       |       |   341 |   210 |       |       |       ||   551
       Rapier            |       |       |       |       |   500 |    11 |       |       |       ||   511
       Quick blade       |       |       |       |       |    22 |  2630 |  2429 |  3022 |  5765 || 13868
Throw: Dart              |     7 |     7 |    19 |     4 |    11 |     3 |       |     5 |       ||    56
 Cast: Regeneration      |       |       |       |       |       |       |       |       |     3 ||     3
Invok: Heroism           |       |       |       |     7 |     4 |    15 |     8 |       |       ||    34
       Finesse           |       |       |       |       |       |       |     2 |       |       ||     2
       Divine Shield     |       |       |       |       |       |       |       |     7 |       ||     7
       Summon Divine War |       |       |       |       |       |       |       |     4 |       ||     4
       Brand Weapon With |       |       |       |       |       |       |       |     1 |       ||     1
       Grand Finale      |       |       |       |       |       |       |       |     1 |     9 ||    10
       Line Pass         |       |       |       |       |       |       |       |       |     3 ||     3
 Abil: Evoke Invisibilit |       |       |       |       |       |     2 |     1 |     1 |     2 ||     6
Evoke: Wand              |       |       |     2 |    14 |    12 |     3 |     2 |     4 |     4 ||    41
       Box of beasts     |       |       |       |       |     3 |       |       |       |       ||     3
       Lightning rod     |       |       |       |       |       |     3 |       |       |       ||     3
       Phantom mirror    |       |       |       |       |       |       |       |       |     1 ||     1
  Use: Scroll            |     6 |     4 |     4 |     3 |    19 |    20 |    12 |    10 |    32 ||   110
       Potion            |       |       |     1 |     1 |     3 |       |     3 |     6 |     4 ||    18
 Stab: Sleeping          |    10 |     5 |       |       |     8 |    24 |    68 |    22 |   101 ||   238
       Invisible         |       |       |       |     1 |     5 |    18 |     1 |     2 |     7 ||    34
       Petrifying        |       |       |       |       |     2 |       |     1 |       |       ||     3
       Distracted        |       |       |       |       |       |     6 |     3 |     4 |    21 ||    34
       Confused          |       |       |       |       |       |     2 |       |       |     5 ||     7
       Paralysed         |       |       |       |       |       |       |       |    25 |   399 ||   424
  Eat: Chunk             |     1 |     5 |    12 |    12 |    10 |    14 |    21 |     6 |    23 ||   104
       Ration            |       |       |       |     1 |     3 |     7 |     4 |     8 |    14 ||    37
Armor: Robe              |     6 |       |       |       |       |       |       |       |       ||     6
       Ring mail         |     8 |    36 |    27 |       |       |       |       |       |       ||    71
       Chain mail        |       |       |   148 |   330 |   336 |   261 |       |       |       ||  1075
       Scale mail        |       |       |       |     3 |    71 |    84 |   196 |   269 |   452 ||  1075
       Plate armour      |       |       |       |       |       |    53 |       |       |    17 ||    70
       Fire dragon scale |       |       |       |       |       |       |       |       |   158 ||   158
       Ice dragon scales |       |       |       |       |       |       |       |       |    57 ||    57
Dodge: Dodged            |    36 |    65 |   118 |   276 |   359 |   497 |   365 |   430 |  1116 ||  3262
Block: Shield            |       |       |       |   143 |   528 |   852 |   616 |       |       ||  2139
       Large shield      |       |       |       |       |    61 |   165 |   360 |  1516 |  3714 ||  5816
